TOP OF THE 1ST |
Mercer Island Screaming Eagles batting - Pitching for Athletic Club KC Academy : LHP Bill Oulton
|
Pitching: LHP Bill Oulton
|
|
Batting: LHB Mike Russell
|
0-0: Swinging Strike 0-1: Swinging Strike 0-2: Strikes out swinging
|
Batting: RHB Luis Jiménez
|
0-0: Ball 1-0: Ball 2-0: Swinging Strike 2-1: Foul Ball, location: 2F 2-2: Strikes out swinging
|
Batting: RHB Luis Antonio Hernández
|
0-0: Ball 1-0: Foul Ball, location: 2F 1-1: Ball 2-1: Fly out, F6 (Popup, 56D)
|
Top of the 1st over - 0 run(s), 0 hit(s), 0 error(s), 0 left on base; Mercer Island 0 - Athletic Club KC Academy 0 |
BOTTOM OF THE 1ST |
Athletic Club KC Academy batting - Pitching for Mercer Island Screaming Eagles : LHP Mathies Pilegaard
|
Pitching: LHP Mathies Pilegaard
|
|
Batting: RHB Ellis Martin
|
0-0: Ball 1-0: Ball 2-0: Ball 3-0: Called Strike 3-1: Swinging Strike 3-2: Strikes out swinging
|
Batting: LHB Matt Hartnett
|
0-0: Called Strike 0-1: Ball 1-1: Ball 2-1: Ball 3-1: Fly out, F7 (Flyball, 78D)
|
Batting: RHB Glenn Woods
|
0-0: Ball 1-0: Fly out, F9 (Flyball, 9M)
|
Bottom of the 1st over - 0 run(s), 0 hit(s), 0 error(s), 0 left on base; Mercer Island 0 - Athletic Club KC Academy 0 |
TOP OF THE 2ND |
Mercer Island Screaming Eagles batting - Pitching for Athletic Club KC Academy : LHP Bill Oulton
|
Batting: LHB Nelson Plasenia
|
0-0: Foul Ball, location: 2F 0-1: Called Strike 0-2: Ball 1-2: Ball 2-2: Strikes out swinging
|
Batting: SHB Ray Davis
|
0-0: Ball 1-0: Called Strike 1-1: Swinging Strike 1-2: Foul Ball, location: 2F 1-2: Foul Ball, location: 2F 1-2: Strikes out swinging
|
Batting: RHB Vincente Flores
|
0-0: Swinging Strike 0-1: Called Strike 0-2: Strikes out looking
|
Top of the 2nd over - 0 run(s), 0 hit(s), 0 error(s), 0 left on base; Mercer Island 0 - Athletic Club KC Academy 0 |
BOTTOM OF THE 2ND |
Athletic Club KC Academy batting - Pitching for Mercer Island Screaming Eagles : LHP Mathies Pilegaard
|
Batting: LHB Thatcher Douglas
|
0-0: Ball 1-0: Ball 2-0: Foul Ball, location: 2F 2-1: Foul Ball, location: 2F 2-2: Ball 3-2: Strikes out swinging
|
Batting: SHB Evan Adams
|
0-0: Ball 1-0: SINGLE (Line Drive, 9S)
|
Batting: RHB Máximo Padilla
|
0-0: Called Strike 0-1: Ball 1-1: Ball 2-1: Called Strike 2-2: Ground out 6-3 (Groundball, 6) Evan Adams to second
|
Batting: SHB António Montés
|
0-0: Ball 1-0: Called Strike 1-1: Ball 2-1: Foul Ball, location: 2F 2-2: Fly out, F6 (Popup, 56)
|
Bottom of the 2nd over - 0 run(s), 1 hit(s), 0 error(s), 1 left on base; Mercer Island 0 - Athletic Club KC Academy 0 |
TOP OF THE 3RD |
Mercer Island Screaming Eagles batting - Pitching for Athletic Club KC Academy : LHP Bill Oulton
|
Batting: LHB Tom Smith
|
0-0: Ball 1-0: Called Strike 1-1: Called Strike 1-2: Foul Ball, location: 2F 1-2: SINGLE (Groundball, 3D)
|
Batting: SHB Mauro López
|
0-0: Called Strike 0-1: Foul Ball, location: 2F 0-2: Ball 1-2: Strikes out looking
|
Batting: SHB Stephen Yates
|
0-0: Ball 1-0: Swinging Strike 1-1: Fly out, F5 (Popup, 5F)
|
Batting: LHB Mike Russell
|
0-0: Called Strike 0-1: Ball 1-1: Foul Ball, location: 2F 1-2: Strikes out looking
|
Top of the 3rd over - 0 run(s), 1 hit(s), 0 error(s), 1 left on base; Mercer Island 0 - Athletic Club KC Academy 0 |
BOTTOM OF THE 3RD |
Athletic Club KC Academy batting - Pitching for Mercer Island Screaming Eagles : LHP Mathies Pilegaard
|
Batting: RHB Jorge Rodríguez
|
0-0: SINGLE (Line Drive, 56D)
|
Batting: SHB Don Holmes
|
0-0: Called Strike 0-1: Called Strike Jorge Rodríguez steals 2nd base 0-2: Ball 1-2: Ball 2-2: Ball 3-2: Foul Ball, location: 2F 3-2: Foul Ball, location: 2F 3-2: Base on Balls
|
Batting: RHB Ellis Martin
|
0-0: Called Strike 0-1: Ball 1-1: Ball 2-1: Ball 3-1: Base on Balls Jorge Rodríguez to third Don Holmes to second
|
Batting: LHB Matt Hartnett
|
0-0: Called Strike 0-1: Ball 1-1: Ball 2-1: Foul Ball, location: 2F 2-2: Ball 3-2: Strikes out swinging
|
Batting: RHB Glenn Woods
|
0-0: Fly out, F9 (Flyball, 89M)
|
Batting: LHB Thatcher Douglas
|
0-0: Ball 1-0: Called Strike 1-1: Swinging Strike 1-2: Foul Ball, location: 2F 1-2: Ball 2-2: Foul Ball, location: 2F 2-2: Foul Ball, location: 2F 2-2: Foul Ball, location: 2F 2-2: Ball 3-2: Strikes out swinging
|
Bottom of the 3rd over - 0 run(s), 1 hit(s), 0 error(s), 3 left on base; Mercer Island 0 - Athletic Club KC Academy 0 |
TOP OF THE 4TH |
Mercer Island Screaming Eagles batting - Pitching for Athletic Club KC Academy : LHP Bill Oulton
|
Batting: RHB Luis Jiménez
|
0-0: Called Strike 0-1: Called Strike 0-2: Ball 1-2: SINGLE (Line Drive, 6D)
|
Batting: RHB Luis Antonio Hernández
|
0-0: Ball Luis Jiménez is caught stealing 2nd base 1-0: Swinging Strike 1-1: Ball 2-1: Called Strike 2-2: SINGLE (Groundball, 56)
|
Batting: LHB Nelson Plasenia
|
0-0: Foul Ball, location: 2F 0-1: Grounds into double play, U6-3 (Groundball, 6M)
|
Top of the 4th over - 0 run(s), 2 hit(s), 0 error(s), 0 left on base; Mercer Island 0 - Athletic Club KC Academy 0 |
BOTTOM OF THE 4TH |
Athletic Club KC Academy batting - Pitching for Mercer Island Screaming Eagles : LHP Mathies Pilegaard
|
Batting: SHB Evan Adams
|
0-0: Ball 1-0: Ball 2-0: Foul Ball, location: 2F 2-1: Ground out 3-1 (Groundball, 3)
|
Batting: RHB Máximo Padilla
|
0-0: Called Strike 0-1: Called Strike 0-2: Strikes out looking
|
Batting: SHB António Montés
|
0-0: Called Strike 0-1: Ground out 5-3 (Groundball, 5L)
|
Bottom of the 4th over - 0 run(s), 0 hit(s), 0 error(s), 0 left on base; Mercer Island 0 - Athletic Club KC Academy 0 |
TOP OF THE 5TH |
Mercer Island Screaming Eagles batting - Pitching for Athletic Club KC Academy : LHP Bill Oulton
|
Batting: SHB Ray Davis
|
0-0: Called Strike 0-1: Swinging Strike 0-2: Ball 1-2: Foul Ball, location: 2F 1-2: Ball 2-2: Foul Ball, location: 2F 2-2: Foul Ball, location: 2F 2-2: DOUBLE (Groundball, 5D)
|
Batting: RHB Vincente Flores
|
0-0: Ground out 6-3 (Groundball, 6S) Ray Davis to third
|
Batting: LHB Tom Smith
|
0-0: Swinging Strike 0-1: Swinging Strike 0-2: Ball 1-2: Ball 2-2: Ball 3-2: Strikes out swinging
|
Batting: SHB Mauro López
|
0-0: Fly out, F8 (Flyball, 8LS)
|
Top of the 5th over - 0 run(s), 1 hit(s), 0 error(s), 1 left on base; Mercer Island 0 - Athletic Club KC Academy 0 |
BOTTOM OF THE 5TH |
Athletic Club KC Academy batting - Pitching for Mercer Island Screaming Eagles : LHP Mathies Pilegaard
|
Batting: RHB Jorge Rodríguez
|
0-0: Called Strike 0-1: Ball 1-1: Fly out, F8 (Flyball, 8LM)
|
Batting: SHB Don Holmes
|
0-0: Ball 1-0: Ball 2-0: Ball 3-0: Called Strike 3-1: Swinging Strike 3-2: SINGLE (Line Drive, 6D)
|
Batting: RHB Ellis Martin
|
0-0: Ball 1-0: Ball 2-0: Foul Ball, location: 2F 2-1: SINGLE (Line Drive, 78M) Don Holmes to second
|
Batting: LHB Matt Hartnett
|
0-0: Swinging Strike 0-1: Swinging Strike 0-2: Ball 1-2: SINGLE (Line Drive, 6MD) Don Holmes to third Ellis Martin to second Runner from 3rd tries for Home, SAFE, no throw or cutoff
|
Batting: RHB Glenn Woods
|
0-0: Ball 1-0: Swinging Strike 1-1: Called Strike 1-2: Foul Ball, location: 2F 1-2: Foul Ball, location: 2F 1-2: Ball 2-2: Ball 3-2: Fly out, F8 (Flyball, 89M)
|
Batting: LHB Thatcher Douglas
|
0-0: Called Strike 0-1: Called Strike 0-2: Ball 1-2: Foul Ball, location: 2F 1-2: Ball 2-2: Strikes out swinging
|
Bottom of the 5th over - 1 run(s), 3 hit(s), 0 error(s), 2 left on base; Mercer Island 0 - Athletic Club KC Academy 1 |
TOP OF THE 6TH |
Mercer Island Screaming Eagles batting - Pitching for Athletic Club KC Academy : LHP Bill Oulton
|
Batting: SHB Stephen Yates
|
0-0: Ball 1-0: Called Strike 1-1: Called Strike 1-2: Ball 2-2: Ball 3-2: Foul Ball, location: 2F 3-2: Foul Ball, location: 2F 3-2: TRIPLE (Line Drive, 8LM)
|
Batting: LHB Mike Russell
|
0-0: Called Strike 0-1: Ball 1-1: Called Strike 1-2: Strikes out looking
|
Batting: RHB Luis Jiménez
|
0-0: Bunted foul 0-1: Ball 1-1: Fly out, F3 (Popup, 3)
|
Batting: RHB Luis Antonio Hernández
|
0-0: Ball 1-0: Foul Ball, location: 2F 1-1: Swinging Strike 1-2: Ball 2-2: Foul Ball, location: 2F 2-2: Foul Ball, location: 2F 2-2: Ball 3-2: Foul Ball, location: 2F 3-2: Foul Ball, location: 2F 3-2: Base on Balls
|
Batting: LHB Nelson Plasenia
|
0-0: Ball 1-0: Ball 2-0: Swinging Strike 2-1: Ball 3-1: Base on Balls Luis Antonio Hernández to second
|
Batting: SHB Ray Davis
|
0-0: Ball 1-0: Ball 2-0: Ball 3-0: Called Strike 3-1: Base on Balls Stephen Yates scores Luis Antonio Hernández to third Nelson Plasenia to second
|
Batting: RHB Vincente Flores
|
0-0: Fly out, F9 (Flyball, 9M)
|
Top of the 6th over - 1 run(s), 1 hit(s), 0 error(s), 3 left on base; Mercer Island 1 - Athletic Club KC Academy 1 |
BOTTOM OF THE 6TH |
Athletic Club KC Academy batting - Pitching for Mercer Island Screaming Eagles : LHP Mathies Pilegaard
|
Batting: SHB Evan Adams
|
0-0: Foul Ball, location: 2F 0-1: Ball 1-1: Ground out 5-3 (Groundball, 5S)
|
Batting: RHB Máximo Padilla
|
0-0: Called Strike 0-1: Ball 1-1: Called Strike 1-2: DOUBLE (Line Drive, 7LM)
|
Batting: SHB António Montés
|
0-0: Ball 1-0: TRIPLE (Line Drive, 3L) Máximo Padilla scores
|
Batting: RHB Jorge Rodríguez
|
0-0: Intentional Walk
|
Batting: SHB Don Holmes
|
0-0: Ball 1-0: Foul Ball, location: 2F 1-1: Ball 2-1: Ball 3-1: Called Strike 3-2: Fielders Choice at 2nd, 5-4 (Groundball, 56) António Montés scores
|
Batting: RHB Ellis Martin
|
0-0: Ball 1-0: Called Strike 1-1: Ball 2-1: Fly out, F8 (Flyball, 8RM)
|
Bottom of the 6th over - 2 run(s), 2 hit(s), 0 error(s), 1 left on base; Mercer Island 1 - Athletic Club KC Academy 3 |
TOP OF THE 7TH |
Mercer Island Screaming Eagles batting - Pitching for Athletic Club KC Academy : LHP Bill Oulton
|
Batting: LHB Tom Smith
|
0-0: Foul Ball, location: 2F 0-1: Foul Ball, location: 2F 0-2: Ball 1-2: Ball 2-2: Foul Ball, location: 2F 2-2: Ground out 4-3 (Groundball, 4M)
|
Batting: SHB Mauro López
|
0-0: Called Strike 0-1: Foul Ball, location: 2F 0-2: Ball 1-2: Ground out 6-3 (Groundball, 6)
|
Batting: SHB Stephen Yates
|
0-0: Ball 1-0: Foul Ball, location: 2F 1-1: Foul Ball, location: 2F 1-2: Ball 2-2: Foul Ball, location: 2F 2-2: Ball 3-2: Fly out, F2 (Popup, 2LF)
|
Top of the 7th over - 0 run(s), 0 hit(s), 0 error(s), 0 left on base; Mercer Island 1 - Athletic Club KC Academy 3 |
BOTTOM OF THE 7TH |
Athletic Club KC Academy batting - Pitching for Mercer Island Screaming Eagles : LHP Mathies Pilegaard
|
Batting: LHB Matt Hartnett
|
0-0: Ball 1-0: Ball 2-0: Ball 3-0: Called Strike 3-1: Foul Ball, location: 2F 3-2: Fly out, F4 (Popup, 4)
|
Batting: RHB Glenn Woods
|
0-0: Ball 1-0: Foul Ball, location: 2F 1-1: Foul Ball, location: 2F 1-2: Ball 2-2: Ball 3-2: SINGLE (Groundball, 4M)
|
Pitching: LHP Miguel Mora
|
|
Batting: LHB Thatcher Douglas
|
0-0: Ball 1-0: Fly out, F8 (Flyball, 8LM)
|
Batting: SHB Evan Adams
|
0-0: Called Strike 0-1: Called Strike 0-2: Strikes out swinging
|
Bottom of the 7th over - 0 run(s), 1 hit(s), 0 error(s), 1 left on base; Mercer Island 1 - Athletic Club KC Academy 3 |
TOP OF THE 8TH |
Mercer Island Screaming Eagles batting - Pitching for Athletic Club KC Academy : LHP Bill Oulton
|
Pitching: LHP John McCord
|
|
Now at 3B: Bob Curry
|
|
Batting: LHB Mike Russell
|
0-0: Called Strike 0-1: Foul Ball, location: 2F 0-2: Ball 1-2: Ball 2-2: Strikes out swinging
|
Batting: RHB Luis Jiménez
|
0-0: Ground out 6-3 (Groundball, 6)
|
Batting: RHB Luis Antonio Hernández
|
0-0: Swinging Strike 0-1: Swinging Strike 0-2: Fly out, F6 (Line Drive, 6M)
|
Top of the 8th over - 0 run(s), 0 hit(s), 0 error(s), 0 left on base; Mercer Island 1 - Athletic Club KC Academy 3 |
BOTTOM OF THE 8TH |
Athletic Club KC Academy batting - Pitching for Mercer Island Screaming Eagles : LHP Miguel Mora
|
Batting: RHB Máximo Padilla
|
0-0: Ball 1-0: Ground out 6-3 (Groundball, 6M)
|
Batting: SHB António Montés
|
0-0: Foul Ball, location: 2F 0-1: Called Strike 0-2: Reached on error, E4 (Groundball, 4)
|
Batting: RHB Jorge Rodríguez
|
0-0: Intentional Walk
|
Pinch Hitting: RHB John Williams
|
0-0: Ball 1-0: Called Strike 1-1: SINGLE (Groundball, 6MD) António Montés to third Jorge Rodríguez to second Runner from 3rd tries for Home, SAFE, no throw or cutoff
|
Batting: RHB Ellis Martin
|
0-0: Swinging Strike 0-1: Called Strike 0-2: Ball 1-2: Strikes out swinging
|
Batting: LHB Matt Hartnett
|
0-0: Ball 1-0: SINGLE (Groundball, 3D) Jorge Rodríguez to third John Williams to second Runner from 3rd tries for Home, SAFE, no throw or cutoff
|
Batting: RHB Bob Curry
|
0-0: Ground out 4-3 (Groundball, 4)
|
Bottom of the 8th over - 2 run(s), 2 hit(s), 1 error(s), 2 left on base; Mercer Island 1 - Athletic Club KC Academy 5 |
TOP OF THE 9TH |
Mercer Island Screaming Eagles batting - Pitching for Athletic Club KC Academy : LHP John McCord
|
Pitching: LHP Tomás Torres
|
|
Now at C: John Williams
|
|
Batting: LHB Nelson Plasenia
|
0-0: Foul Ball, location: 2F 0-1: Ball 1-1: Swinging Strike 1-2: Foul Ball, location: 2F 1-2: Strikes out looking
|
Batting: SHB Ray Davis
|
0-0: Called Strike 0-1: Ball 1-1: Foul Ball, location: 2F 1-2: Ball 2-2: Strikes out swinging
|
Batting: RHB Vincente Flores
|
0-0: Called Strike 0-1: Foul Ball, location: 2F 0-2: Foul Ball, location: 2F 0-2: Ball 1-2: Ball 2-2: Ground out 6-3 (Groundball, 6)
|
Top of the 9th over - 0 run(s), 0 hit(s), 0 error(s), 0 left on base; Mercer Island 1 - Athletic Club KC Academy 5 |
|